[ PARTIDA AOE2 · #495711811 ]
UnrankedYurchen vs Italians
[ ANÁLISIS DE REPETICIÓN · EXTRAÍDO DE LA PARTIDA GRABADA ]
Feudal
9:19
Castillos
20:12
Imperial
—
| APM promedio | 42.7 |
| APM pico | 70 |
| eAPM promedio | 18.7 |
| Aldeanos / militares | 52 / 14 |
Foco
⚔️ 27.8% · 🌾 72.2%
Unknown (1911) ×10 · Skirmisher ×7 · Archer ×6 · Spearman ×1
Feudal
8:52
Castillos
22:53
Imperial
—
| APM promedio | 70.3 |
| APM pico | 103 |
| eAPM promedio | 19.0 |
| Aldeanos / militares | 52 / 48 |
Foco
⚔️ 30.9% · 🌾 69.1%
Archer ×47 · Spearman ×1
Feudal
9:24
Castillos
—
Imperial
—
| APM promedio | 79.8 |
| APM pico | 138 |
| eAPM promedio | 34.5 |
| Aldeanos / militares | 51 / 18 |
Foco
⚔️ 51.4% · 🌾 48.6%
Scout Cavalry ×16 · Spearman ×2
Feudal
9:45
Castillos
21:15
Imperial
—
| APM promedio | 74.7 |
| APM pico | 115 |
| eAPM promedio | 43.5 |
| Aldeanos / militares | 58 / 18 |
Foco
⚔️ 63.8% · 🌾 36.2%
Scout Cavalry ×11 · Knight ×5 · Monk ×1 · Spearman ×1
Feudal
8:51
Castillos
19:45
Imperial
—
| APM promedio | 75.7 |
| APM pico | 119 |
| eAPM promedio | 35.6 |
| Aldeanos / militares | 75 / 35 |
Foco
⚔️ 43.2% · 🌾 56.8%
Archer ×35
Feudal
9:12
Castillos
23:40
Imperial
—
| APM promedio | 59.0 |
| APM pico | 104 |
| eAPM promedio | 19.5 |
| Aldeanos / militares | 39 / 34 |
Foco
⚔️ 22.7% · 🌾 77.3%
Archer ×34
Mapa de la partida
Recursos iniciales + cada clic de construcción. Líneas = muros · curvas = relieve. ◆ oro · ⬟ piedra · ● bayas · ✦ reliquia · ◌ hueco del cierre
Tu base· Abierta — hueco de 1t
Base de KDA HDT· Abierta — hueco de 3t
Base de Mr.Bean· Abierta — hueco de 5t
Base de TAG_Sitaux· ✓ Cerrada en 21:15 · 38t muro · 2 puerta(s)
Base de DS_Ciskhan· ✓ Cerrada en 19:45 · 39t muro · sin puerta
Base de DL-ĐệNhị· ✓ Cerrada en 23:40 · 40t muro · 1 puerta(s)
Terreno inicial suavizado · ◌ = hueco del cierre detectado · pasá el cursor para detalles
Inputs por minuto
— Đam Mê Game - - KDA HDT
Build order — Đam Mê Game
145 acciones detectadas en el replay
| 0:00 | Crear | Villager (Male) |
| 0:00 | Crear | Villager (Male) |
| 0:01 | Crear | Villager (Male) |
| 0:01 | Crear | Villager (Male) |
| 0:02 | Crear | Villager (Male) |
| 0:03 | Construir | House |
| 0:04 | Construir | House |
| 1:24 | Crear | Villager (Male) |
| 1:38 | Crear | Villager (Male) |
| 2:15 | Crear | Villager (Male) |
| 2:19 | Construir | Lumber Camp |
| 2:42 | Investigar | Loom |
| 3:02 | Crear | Villager (Male) |
| 3:12 | Crear | Villager (Male) |
| 3:39 | Crear | Villager (Male) |
| 3:43 | Crear | Villager (Male) |
| 4:07 | Construir | House |
| 4:50 | Crear | Villager (Male) |
| 4:50 | Crear | Villager (Male) |
| 4:58 | Construir | Mill |
| 5:35 | Crear | Villager (Male) |
| 6:19 | Crear | Villager (Male) |
| 6:30 | Crear | Villager (Male) |
| 7:05 | Investigar | Feudal Age |
| 7:33 | Construir | House |
| 8:18 | Construir | Barracks |
| 9:00 | Crear | Villager (Male) |
| 9:19 | Edad | Edad Feudal |
| 9:22 | Crear | Spearman |
| 9:26 | Construir | Archery Range |
| 9:31 | Crear | Villager (Male) |
| 9:33 | Investigar | Double-Bit Axe |
| 9:47 | Crear | Villager (Male) |
| 9:52 | Construir | Farm |
| 10:07 | Crear | Skirmisher |
| 10:10 | Construir | House |
| 10:17 | Construir | Palisade Wall |
| 10:18 | Construir | Palisade Wall |
| 10:21 | Crear | Villager (Male) |
| 10:27 | Crear | Villager (Male) |
| 10:29 | Crear | Skirmisher |
| 10:38 | Construir | House |
| 10:48 | Construir | House |
| 10:51 | Construir | Palisade Wall |
| 10:54 | Construir | Palisade Wall |
| 10:58 | Construir | Palisade Wall |
| 10:59 | Crear | Villager (Male) |
| 11:06 | Construir | Palisade Wall |
| 11:07 | Crear | Villager (Male) |
| 11:15 | Construir | Palisade Wall |
| 11:21 | Crear | Skirmisher |
| 11:40 | Crear | Villager (Male) |
| 11:46 | Construir | Mill |
| 12:11 | Crear | Skirmisher |
| 12:22 | Construir | House |
| 12:36 | Construir | House |
| 12:39 | Construir | Farm |
| 12:46 | Crear | Villager (Male) |
| 12:52 | Construir | Farm |
| 12:53 | Construir | Farm |
| 12:54 | Construir | Farm |
| 13:11 | Crear | Archer |
| 13:20 | Crear | Villager (Male) |
| 13:22 | Construir | Farm |
| 13:41 | Construir | Farm |
| 13:42 | Construir | Farm |
| 13:43 | Crear | Villager (Male) |
| 13:57 | Crear | Villager (Male) |
| 14:01 | Construir | Blacksmith |
| 14:21 | Construir | Farm |
| 14:22 | Crear | Skirmisher |
| 14:37 | Crear | Villager (Male) |
| 14:39 | Crear | Villager (Male) |
| 14:46 | Construir | Mining Camp |
| 15:03 | Construir | House |
| 15:05 | Crear | Villager (Male) |
| 15:12 | Crear | Skirmisher |
| 15:23 | Construir | Farm |
| 15:35 | Construir | House |
| 15:41 | Investigar | Fletching |
| 15:41 | Investigar | Fletching |
| 15:44 | Crear | Villager (Male) |
| 15:48 | Investigar | Padded Archer Armor |
| 15:49 | Investigar | Padded Archer Armor |
| 15:54 | Crear | Villager (Male) |
| 15:57 | Construir | Farm |
| 15:58 | Construir | Farm |
| 16:06 | Crear | Skirmisher |
| 16:46 | Crear | Villager (Male) |
| 16:48 | Construir | House |
| 17:05 | Construir | Farm |
| 17:11 | Crear | Villager (Male) |
| 17:13 | Crear | Archer |
| 17:32 | Investigar | Castle Age |
| 17:32 | Investigar | Castle Age |
| 17:38 | Construir | Archery Range |
| 17:43 | Crear | Archer |
| 17:44 | Crear | Archer |
| 18:04 | Investigar | Padded Archer Armor |
| 18:19 | Investigar | Gold Mining |
| 18:29 | Crear | Archer |
| 18:39 | Construir | Lumber Camp |
| 18:45 | Crear | Archer |
| 19:43 | Construir | House |
| 20:12 | Edad | Edad de los Castillos |
| 20:17 | Crear | Unit 1911 |
| 20:17 | Crear | Unit 1911 |
| 20:18 | Crear | Unit 1911 |
| 20:20 | Construir | Town Center |
| 20:21 | Crear | Villager (Male) |
| 20:38 | Crear | Unit 1911 |
| 20:38 | Crear | Unit 1911 |
| 20:47 | Construir | Town Center |
| 21:12 | Crear | Unit 1911 |
| 21:13 | Crear | Unit 1911 |
| 21:20 | Crear | Villager (Male) |
| 21:22 | Crear | Villager (Male) |
| 21:24 | Crear | Villager (Male) |
| 21:24 | Crear | Villager (Male) |
| 21:25 | Crear | Villager (Male) |
| 21:27 | Construir | House |
| 21:33 | Crear | Unit 1911 |
| 21:36 | Crear | Villager (Male) |
| 21:46 | Crear | Villager (Male) |
| 21:46 | Crear | Villager (Male) |
| 21:53 | Crear | Villager (Male) |
| 22:10 | Crear | Villager (Male) |
| 22:12 | Construir | Farm |
| 22:16 | Crear | Villager (Male) |
| 22:31 | Investigar | Leather Archer Armor |
| 22:36 | Crear | Villager (Male) |
| 22:39 | Construir | Farm |
| 22:41 | Construir | Farm |
| 22:41 | Construir | Farm |
| 22:42 | Construir | Farm |
| 22:42 | Construir | Farm |
| 22:42 | Construir | Farm |
| 22:42 | Construir | Farm |
| 22:43 | Construir | Farm |
| 22:47 | Crear | Unit 1911 |
| 22:47 | Crear | Unit 1911 |
| 23:03 | Crear | Villager (Male) |
| 23:06 | Construir | Farm |
| 23:23 | Crear | Villager (Male) |
| 23:26 | Crear | Villager (Male) |
Build order — KDA HDT
Primeras 150 de 163 acciones detectadas
| 0:02 | Crear | Villager (Male) |
| 0:02 | Crear | Villager (Male) |
| 0:03 | Construir | House |
| 0:04 | Construir | House |
| 0:08 | Crear | Villager (Male) |
| 0:08 | Crear | Villager (Male) |
| 1:25 | Crear | Villager (Male) |
| 2:04 | Crear | Villager (Male) |
| 2:04 | Crear | Villager (Male) |
| 2:20 | Crear | Villager (Male) |
| 2:20 | Crear | Villager (Male) |
| 2:41 | Construir | Mill |
| 2:50 | Crear | Villager (Male) |
| 2:50 | Crear | Villager (Male) |
| 3:12 | Crear | Villager (Male) |
| 3:33 | Crear | Villager (Male) |
| 3:51 | Construir | House |
| 4:07 | Crear | Villager (Male) |
| 4:07 | Crear | Villager (Male) |
| 4:29 | Crear | Villager (Male) |
| 4:29 | Crear | Villager (Male) |
| 4:30 | Crear | Villager (Male) |
| 4:31 | Crear | Villager (Male) |
| 5:11 | Crear | Villager (Male) |
| 5:16 | Construir | Lumber Camp |
| 5:36 | Investigar | Loom |
| 6:37 | Investigar | Feudal Age |
| 6:55 | Construir | House |
| 7:09 | Construir | Mining Camp |
| 7:56 | Construir | Barracks |
| 8:41 | Construir | Palisade Wall |
| 8:52 | Edad | Edad Feudal |
| 8:54 | Crear | Spearman |
| 8:55 | Crear | Villager (Male) |
| 8:58 | Construir | Archery Range |
| 9:26 | Crear | Villager (Male) |
| 9:31 | Crear | Villager (Male) |
| 9:41 | Construir | Archery Range |
| 9:52 | Construir | Palisade Wall |
| 9:59 | Construir | House |
| 10:03 | Crear | Villager (Male) |
| 10:05 | Crear | Villager (Male) |
| 10:11 | Crear | Archer |
| 10:30 | Construir | House |
| 10:35 | Crear | Archer |
| 10:36 | Crear | Archer |
| 10:40 | Crear | Villager (Male) |
| 10:50 | Construir | House |
| 10:56 | Construir | Palisade Wall |
| 10:59 | Crear | Archer |
| 10:59 | Crear | Archer |
| 11:26 | Crear | Villager (Male) |
| 11:26 | Crear | Villager (Male) |
| 11:28 | Crear | Archer |
| 11:30 | Crear | Villager (Male) |
| 11:41 | Construir | House |
| 11:49 | Construir | Blacksmith |
| 11:56 | Crear | Villager (Male) |
| 11:56 | Crear | Villager (Male) |
| 11:58 | Construir | Palisade Wall |
| 12:03 | Crear | Archer |
| 12:17 | Construir | Palisade Wall |
| 12:26 | Crear | Archer |
| 12:26 | Crear | Archer |
| 12:34 | Crear | Archer |
| 12:34 | Crear | Archer |
| 12:39 | Crear | Villager (Male) |
| 12:52 | Crear | Archer |
| 12:52 | Crear | Archer |
| 13:05 | Crear | Villager (Male) |
| 13:11 | Construir | Mill |
| 13:16 | Crear | Archer |
| 13:34 | Investigar | Fletching |
| 13:34 | Investigar | Fletching |
| 13:44 | Construir | Farm |
| 13:45 | Crear | Archer |
| 13:45 | Crear | Archer |
| 13:50 | Crear | Villager (Male) |
| 13:50 | Crear | Villager (Male) |
| 14:03 | Crear | Archer |
| 14:13 | Crear | Villager (Male) |
| 14:14 | Crear | Archer |
| 14:14 | Crear | Archer |
| 14:16 | Construir | Farm |
| 14:36 | Crear | Archer |
| 14:42 | Construir | Farm |
| 14:44 | Construir | House |
| 14:59 | Crear | Villager (Male) |
| 15:02 | Construir | House |
| 15:12 | Construir | Farm |
| 15:18 | Crear | Villager (Male) |
| 15:25 | Construir | House |
| 15:31 | Crear | Archer |
| 15:31 | Crear | Archer |
| 15:35 | Crear | Villager (Male) |
| 15:35 | Crear | Villager (Male) |
| 15:46 | Crear | Archer |
| 15:49 | Construir | Farm |
| 16:05 | Crear | Archer |
| 16:05 | Crear | Archer |
| 16:07 | Crear | Villager (Male) |
| 16:28 | Crear | Archer |
| 16:28 | Crear | Archer |
| 16:33 | Crear | Villager (Male) |
| 16:37 | Construir | Farm |
| 16:45 | Crear | Villager (Male) |
| 16:52 | Crear | Villager (Male) |
| 16:55 | Construir | Farm |
| 16:57 | Construir | House |
| 17:09 | Crear | Archer |
| 17:09 | Crear | Archer |
| 17:17 | Crear | Villager (Male) |
| 17:20 | Construir | Farm |
| 17:31 | Crear | Villager (Male) |
| 17:38 | Construir | Farm |
| 17:49 | Crear | Archer |
| 17:50 | Crear | Archer |
| 17:54 | Construir | House |
| 18:14 | Crear | Villager (Male) |
| 18:20 | Construir | Farm |
| 18:28 | Crear | Archer |
| 18:29 | Crear | Archer |
| 18:34 | Crear | Villager (Male) |
| 18:35 | Crear | Archer |
| 18:35 | Crear | Villager (Male) |
| 18:39 | Construir | House |
| 18:42 | Construir | Palisade Wall |
| 19:11 | Construir | Farm |
| 19:17 | Construir | Farm |
| 19:20 | Crear | Archer |
| 19:25 | Construir | House |
| 20:00 | Construir | Farm |
| 20:13 | Investigar | Castle Age |
| 20:15 | Crear | Archer |
| 20:15 | Crear | Archer |
| 20:30 | Investigar | Padded Archer Armor |
| 20:34 | Crear | Archer |
| 20:34 | Crear | Archer |
| 20:39 | Construir | Lumber Camp |
| 20:56 | Crear | Archer |
| 21:25 | Crear | Archer |
| 21:25 | Crear | Archer |
| 21:52 | Crear | Archer |
| 21:56 | Investigar | Double-Bit Axe |
| 21:56 | Investigar | Double-Bit Axe |
| 22:00 | Construir | House |
| 22:01 | Construir | House |
| 22:09 | Crear | Archer |
| 22:09 | Crear | Archer |
| 22:46 | Crear | Archer |
Build order — Mr.Bean
Primeras 150 de 152 acciones detectadas
| 0:01 | Crear | Villager (Male) |
| 0:02 | Construir | House |
| 0:03 | Construir | House |
| 0:05 | Crear | Villager (Male) |
| 0:16 | Crear | Villager (Male) |
| 0:16 | Crear | Villager (Male) |
| 1:23 | Crear | Villager (Male) |
| 1:24 | Crear | Villager (Male) |
| 2:04 | Crear | Villager (Male) |
| 2:04 | Crear | Villager (Male) |
| 2:13 | Construir | Lumber Camp |
| 2:20 | Crear | Villager (Male) |
| 2:21 | Crear | Villager (Male) |
| 2:53 | Crear | Villager (Male) |
| 3:17 | Crear | Villager (Male) |
| 3:37 | Crear | Villager (Male) |
| 3:37 | Crear | Villager (Male) |
| 3:54 | Construir | House |
| 4:07 | Crear | Villager (Male) |
| 4:07 | Crear | Villager (Male) |
| 4:07 | Crear | Villager (Male) |
| 4:16 | Construir | Mill |
| 4:49 | Crear | Villager (Male) |
| 4:49 | Crear | Villager (Male) |
| 5:15 | Investigar | Loom |
| 5:15 | Investigar | Loom |
| 5:39 | Crear | Villager (Male) |
| 6:19 | Crear | Villager (Male) |
| 6:47 | Crear | Villager (Male) |
| 7:07 | Construir | Barracks |
| 7:14 | Investigar | Feudal Age |
| 7:14 | Investigar | Feudal Age |
| 7:29 | Construir | Palisade Wall |
| 7:30 | Construir | Palisade Wall |
| 7:32 | Construir | Palisade Wall |
| 7:41 | Construir | Palisade Wall |
| 7:42 | Construir | Palisade Wall |
| 8:15 | Construir | House |
| 8:47 | Construir | House |
| 8:50 | Construir | Palisade Wall |
| 9:23 | Crear | Villager (Male) |
| 9:24 | Edad | Edad Feudal |
| 9:30 | Investigar | Double-Bit Axe |
| 9:33 | Construir | Stable |
| 9:35 | Construir | Farm |
| 9:47 | Construir | House |
| 9:52 | Crear | Villager (Male) |
| 10:03 | Construir | House |
| 10:08 | Construir | Farm |
| 10:10 | Crear | Villager (Male) |
| 10:23 | Crear | Scout Cavalry |
| 10:25 | Crear | Scout Cavalry |
| 10:26 | Construir | Farm |
| 10:27 | Crear | Villager (Male) |
| 10:37 | Construir | Farm |
| 10:50 | Crear | Scout Cavalry |
| 10:57 | Construir | Farm |
| 11:03 | Crear | Villager (Male) |
| 11:03 | Crear | Villager (Male) |
| 11:08 | Crear | Spearman |
| 11:23 | Construir | Farm |
| 11:28 | Crear | Scout Cavalry |
| 11:29 | Crear | Villager (Male) |
| 11:34 | Construir | Farm |
| 11:41 | Construir | House |
| 11:51 | Construir | Farm |
| 11:54 | Crear | Scout Cavalry |
| 11:54 | Crear | Scout Cavalry |
| 12:09 | Crear | Villager (Male) |
| 12:09 | Crear | Villager (Male) |
| 12:12 | Construir | Farm |
| 12:41 | Crear | Scout Cavalry |
| 12:42 | Crear | Villager (Male) |
| 12:45 | Construir | Farm |
| 12:46 | Construir | Farm |
| 13:05 | Crear | Villager (Male) |
| 13:13 | Crear | Villager (Male) |
| 13:13 | Crear | Villager (Male) |
| 13:14 | Construir | Farm |
| 13:19 | Crear | Scout Cavalry |
| 13:22 | Crear | Spearman |
| 13:28 | Construir | Farm |
| 13:44 | Crear | Villager (Male) |
| 13:45 | Crear | Villager (Male) |
| 13:52 | Construir | Farm |
| 13:53 | Construir | Farm |
| 13:55 | Construir | House |
| 13:56 | Construir | House |
| 14:07 | Crear | Scout Cavalry |
| 14:08 | Crear | Villager (Male) |
| 14:08 | Crear | Villager (Male) |
| 14:27 | Crear | Scout Cavalry |
| 14:42 | Construir | Farm |
| 14:43 | Construir | Farm |
| 14:47 | Crear | Scout Cavalry |
| 14:51 | Construir | House |
| 14:53 | Construir | House |
| 14:54 | Construir | Palisade Wall |
| 14:58 | Crear | Scout Cavalry |
| 15:12 | Crear | Villager (Male) ×2 |
| 15:21 | Construir | Farm |
| 15:33 | Construir | Watch Tower |
| 15:39 | Crear | Scout Cavalry |
| 15:52 | Construir | Palisade Wall |
| 16:02 | Crear | Scout Cavalry |
| 16:25 | Crear | Villager (Male) |
| 16:27 | Construir | Mining Camp |
| 16:41 | Construir | Stable |
| 16:44 | Crear | Villager (Male) |
| 16:50 | Crear | Villager (Male) |
| 16:54 | Construir | Farm |
| 17:14 | Construir | House |
| 17:19 | Crear | Scout Cavalry |
| 17:30 | Construir | House |
| 17:34 | Crear | Scout Cavalry |
| 17:34 | Crear | Villager (Male) |
| 17:35 | Crear | Villager (Male) |
| 17:37 | Construir | Farm |
| 17:37 | Construir | Farm |
| 17:51 | Construir | Palisade Wall |
| 17:58 | Crear | Villager (Male) |
| 18:03 | Construir | Lumber Camp |
| 18:22 | Construir | Palisade Gate |
| 18:23 | Construir | House |
| 18:33 | Construir | Outpost |
| 18:36 | Construir | Outpost |
| 18:40 | Investigar | Town Watch |
| 18:40 | Investigar | Town Watch |
| 19:05 | Construir | Farm |
| 19:08 | Construir | Farm |
| 19:21 | Crear | Villager (Male) |
| 19:50 | Crear | Villager (Male) |
| 20:07 | Construir | Market |
| 20:24 | Construir | Farm |
| 20:24 | Construir | Farm |
| 20:25 | Construir | Farm |
| 20:31 | Crear | Villager (Male) |
| 20:38 | Construir | House |
| 20:45 | Construir | Blacksmith |
| 20:59 | Investigar | Castle Age |
| 20:59 | Investigar | Castle Age |
| 21:07 | Construir | House |
| 21:08 | Construir | Palisade Wall |
| 21:10 | Construir | Palisade Wall |
| 21:35 | Construir | Stable |
| 21:40 | Investigar | Scale Barding Armor |
| 21:40 | Investigar | Scale Barding Armor |
| 21:48 | Investigar | Forging |
| 21:49 | Investigar | Forging |
| 22:31 | Construir | Palisade Wall |
Build order — TAG_Sitaux
Primeras 150 de 169 acciones detectadas
| 0:01 | Crear | Villager (Male) |
| 0:01 | Crear | Villager (Male) |
| 0:02 | Construir | House |
| 0:02 | Construir | House |
| 0:08 | Crear | Villager (Male) |
| 0:08 | Crear | Villager (Male) |
| 0:09 | Crear | Villager (Male) |
| 1:28 | Crear | Villager (Male) |
| 1:28 | Crear | Villager (Male) |
| 1:42 | Crear | Villager (Male) |
| 1:51 | Construir | Lumber Camp |
| 2:11 | Crear | Villager (Male) |
| 2:35 | Crear | Villager (Male) |
| 3:02 | Crear | Villager (Male) |
| 3:03 | Crear | Villager (Male) |
| 3:31 | Crear | Villager (Male) |
| 3:31 | Crear | Villager (Male) |
| 3:57 | Construir | House |
| 3:57 | Construir | House |
| 4:02 | Crear | Villager (Male) |
| 4:02 | Crear | Villager (Male) |
| 4:27 | Crear | Villager (Male) |
| 4:27 | Crear | Villager (Male) |
| 4:27 | Crear | Villager (Male) |
| 4:30 | Construir | Palisade Wall |
| 4:48 | Construir | Palisade Wall |
| 4:49 | Construir | Palisade Wall |
| 4:56 | Construir | Mill |
| 5:07 | Crear | Villager (Male) |
| 5:43 | Crear | Villager (Male) |
| 5:57 | Construir | Palisade Gate |
| 5:59 | Construir | Palisade Gate |
| 6:03 | Construir | House |
| 6:04 | Crear | Villager (Male) |
| 6:35 | Investigar | Loom |
| 6:35 | Investigar | Loom |
| 6:36 | Investigar | Loom |
| 7:09 | Crear | Villager (Male) |
| 7:35 | Investigar | Feudal Age |
| 7:35 | Investigar | Feudal Age |
| 7:35 | Investigar | Feudal Age |
| 8:04 | Construir | Barracks |
| 8:48 | Crear | Villager (Male) |
| 9:37 | Construir | Farm |
| 9:38 | Construir | Farm |
| 9:45 | Edad | Edad Feudal |
| 9:46 | Construir | Stable |
| 9:48 | Investigar | Horse Collar |
| 9:52 | Crear | Villager (Male) |
| 10:11 | Construir | Farm |
| 10:22 | Construir | Farm |
| 10:23 | Crear | Villager (Male) |
| 10:30 | Crear | Scout Cavalry |
| 10:40 | Construir | Farm |
| 10:44 | Crear | Scout Cavalry |
| 10:49 | Crear | Villager (Male) |
| 10:50 | Construir | Farm |
| 10:56 | Crear | Spearman |
| 11:07 | Construir | House |
| 11:08 | Construir | House |
| 11:22 | Crear | Villager (Male) |
| 11:25 | Crear | Scout Cavalry |
| 11:25 | Crear | Scout Cavalry |
| 11:28 | Construir | Farm |
| 11:41 | Construir | Farm |
| 11:44 | Construir | House |
| 11:45 | Construir | Palisade Wall |
| 11:47 | Construir | Palisade Wall |
| 11:50 | Crear | Villager (Male) |
| 12:00 | Construir | Farm |
| 12:02 | Crear | Scout Cavalry |
| 12:10 | Construir | House |
| 12:11 | Construir | Palisade Wall |
| 12:29 | Crear | Villager (Male) |
| 12:30 | Construir | Farm |
| 12:38 | Crear | Scout Cavalry |
| 12:52 | Crear | Villager (Male) |
| 13:14 | Crear | Villager (Male) |
| 13:16 | Construir | Farm |
| 13:18 | Construir | House |
| 13:19 | Construir | Palisade Wall |
| 13:21 | Construir | Palisade Wall |
| 13:24 | Crear | Scout Cavalry |
| 13:42 | Crear | Villager (Male) |
| 13:44 | Construir | Farm |
| 13:52 | Crear | Scout Cavalry |
| 14:01 | Crear | Villager (Male) |
| 14:04 | Construir | House |
| 14:17 | Construir | Farm |
| 14:19 | Crear | Scout Cavalry |
| 14:27 | Crear | Villager (Male) |
| 14:29 | Construir | Mining Camp |
| 14:33 | Construir | Farm |
| 14:40 | Construir | Farm |
| 14:41 | Crear | Scout Cavalry |
| 14:45 | Construir | Palisade Wall |
| 14:46 | Construir | Farm |
| 14:55 | Construir | House |
| 14:56 | Construir | Palisade Wall |
| 15:01 | Construir | Palisade Wall |
| 15:02 | Construir | Palisade Wall |
| 15:03 | Construir | Palisade Wall |
| 15:04 | Crear | Villager (Male) |
| 15:14 | Construir | Farm |
| 15:26 | Crear | Villager (Male) |
| 15:29 | Construir | Farm |
| 15:32 | Crear | Scout Cavalry |
| 15:46 | Construir | Farm |
| 15:55 | Investigar | Bloodlines |
| 15:55 | Investigar | Bloodlines |
| 15:58 | Crear | Villager (Male) |
| 15:58 | Crear | Villager (Male) |
| 16:00 | Construir | Farm |
| 16:26 | Crear | Villager (Male) |
| 16:47 | Construir | Farm |
| 16:53 | Crear | Villager (Male) |
| 16:59 | Construir | Farm |
| 17:01 | Construir | Lumber Camp |
| 17:06 | Crear | Villager (Male) |
| 17:23 | Construir | Blacksmith |
| 17:26 | Construir | Farm |
| 17:36 | Crear | Villager (Male) |
| 17:52 | Construir | Lumber Camp |
| 18:09 | Crear | Villager (Male) |
| 18:35 | Investigar | Castle Age |
| 18:59 | Investigar | Bloodlines |
| 19:33 | Investigar | Gold Mining |
| 19:37 | Investigar | Scale Barding Armor |
| 19:37 | Investigar | Scale Barding Armor |
| 19:44 | Crear | Villager (Male) |
| 19:58 | Construir | Palisade Wall |
| 20:22 | Crear | Villager (Male) |
| 20:39 | Investigar | Forging |
| 20:39 | Investigar | Forging |
| 20:44 | Investigar | Wheelbarrow |
| 20:44 | Investigar | Wheelbarrow |
| 21:15 | Edad | Edad de los Castillos |
| 21:17 | Crear | Knight |
| 21:19 | Crear | Villager (Male) |
| 21:29 | Construir | Town Center |
| 21:34 | Construir | Town Center |
| 21:35 | Crear | Knight |
| 21:36 | Investigar | Heavy Plow |
| 21:36 | Investigar | Heavy Plow |
| 21:51 | Construir | Monastery |
| 21:53 | Investigar | Gold Shaft Mining |
| 22:03 | Construir | Palisade Wall |
| 22:06 | Construir | Palisade Wall |
| 22:10 | Crear | Villager (Male) |
| 22:16 | Crear | Knight |
Build order — DS_Ciskhan
Primeras 150 de 180 acciones detectadas
| 0:02 | Crear | Villager (Male) |
| 0:02 | Crear | Villager (Male) |
| 0:02 | Crear | Villager (Male) |
| 0:02 | Crear | Villager (Male) |
| 0:03 | Construir | House |
| 0:04 | Construir | House |
| 1:35 | Crear | Villager (Male) |
| 1:36 | Crear | Villager (Male) |
| 2:05 | Crear | Villager (Male) |
| 2:17 | Construir | Mill |
| 2:25 | Crear | Villager (Male) |
| 2:25 | Crear | Villager (Male) |
| 2:42 | Crear | Villager (Male) |
| 2:42 | Crear | Villager (Male) |
| 3:16 | Crear | Villager (Male) |
| 3:16 | Crear | Villager (Male) |
| 3:40 | Crear | Villager (Male) |
| 3:41 | Crear | Villager (Male) |
| 3:56 | Crear | Villager (Male) |
| 3:56 | Crear | Villager (Male) |
| 4:01 | Construir | House |
| 4:35 | Construir | Lumber Camp |
| 4:38 | Crear | Villager (Male) |
| 4:38 | Crear | Villager (Male) |
| 4:38 | Crear | Villager (Male) |
| 4:43 | Crear | Villager (Male) |
| 4:43 | Crear | Villager (Male) |
| 4:53 | Crear | Villager (Male) |
| 4:53 | Crear | Villager (Male) |
| 5:04 | Crear | Villager (Male) |
| 5:04 | Crear | Villager (Male) |
| 5:38 | Crear | Villager (Male) |
| 5:38 | Crear | Villager (Male) |
| 5:38 | Crear | Villager (Male) |
| 6:20 | Investigar | Loom |
| 6:25 | Construir | House |
| 7:03 | Crear | Villager (Male) |
| 7:29 | Investigar | Feudal Age |
| 7:29 | Investigar | Feudal Age |
| 7:38 | Construir | Barracks |
| 8:18 | Construir | House |
| 8:34 | Construir | Mining Camp |
| 8:45 | Crear | Villager (Male) |
| 8:51 | Edad | Edad Feudal |
| 8:57 | Crear | Villager (Male) |
| 9:00 | Construir | Archery Range |
| 9:26 | Crear | Villager (Male) |
| 9:46 | Crear | Villager (Male) |
| 9:48 | Construir | Archery Range |
| 9:57 | Crear | Archer |
| 9:59 | Construir | House |
| 10:01 | Crear | Villager (Male) |
| 10:01 | Crear | Villager (Male) |
| 10:26 | Investigar | Double-Bit Axe |
| 10:30 | Crear | Villager (Male) |
| 10:30 | Crear | Villager (Male) |
| 10:39 | Crear | Archer |
| 10:48 | Construir | Palisade Wall |
| 10:54 | Crear | Archer |
| 10:55 | Crear | Archer |
| 10:57 | Crear | Villager (Male) |
| 10:57 | Crear | Villager (Male) |
| 11:06 | Construir | Mill |
| 11:24 | Construir | House |
| 11:34 | Crear | Villager (Male) |
| 11:34 | Crear | Villager (Male) |
| 11:36 | Crear | Archer |
| 11:36 | Crear | Archer |
| 11:52 | Construir | Farm |
| 11:56 | Crear | Archer |
| 11:56 | Crear | Archer |
| 11:56 | Crear | Archer |
| 12:03 | Crear | Villager (Male) |
| 12:03 | Crear | Villager (Male) |
| 12:09 | Construir | Palisade Wall |
| 12:17 | Construir | Palisade Wall |
| 12:20 | Crear | Archer |
| 12:21 | Crear | Archer |
| 12:27 | Crear | Villager (Male) |
| 12:27 | Crear | Villager (Male) |
| 12:31 | Construir | Palisade Wall |
| 12:34 | Construir | Farm |
| 12:54 | Crear | Villager (Male) |
| 12:55 | Crear | Villager (Male) |
| 12:57 | Construir | Farm |
| 13:07 | Crear | Archer |
| 13:08 | Crear | Archer |
| 13:14 | Construir | House |
| 13:25 | Construir | Palisade Wall |
| 13:26 | Construir | Palisade Wall |
| 13:30 | Crear | Villager (Male) |
| 13:39 | Crear | Archer |
| 13:40 | Crear | Archer |
| 13:45 | Crear | Villager (Male) |
| 13:45 | Crear | Villager (Male) |
| 13:48 | Construir | Palisade Wall |
| 13:59 | Construir | Lumber Camp |
| 14:20 | Crear | Villager (Male) |
| 14:20 | Crear | Villager (Male) |
| 14:22 | Crear | Archer |
| 14:26 | Crear | Villager (Male) |
| 14:26 | Crear | Villager (Male) |
| 14:27 | Crear | Villager (Male) |
| 14:28 | Construir | Farm |
| 14:38 | Crear | Archer |
| 14:49 | Crear | Villager (Male) |
| 14:50 | Construir | Farm |
| 15:01 | Crear | Archer |
| 15:05 | Crear | Villager (Male) |
| 15:05 | Crear | Villager (Male) |
| 15:05 | Crear | Villager (Male) |
| 15:07 | Construir | House |
| 15:15 | Construir | Farm |
| 15:30 | Crear | Villager (Male) |
| 15:31 | Crear | Archer |
| 15:44 | Crear | Villager (Male) |
| 15:44 | Crear | Villager (Male) |
| 15:51 | Construir | Farm |
| 15:56 | Crear | Archer |
| 15:56 | Crear | Archer |
| 16:01 | Construir | House |
| 16:08 | Construir | Farm |
| 16:42 | Crear | Villager (Male) |
| 16:44 | Construir | Farm |
| 16:48 | Crear | Archer |
| 17:00 | Construir | Market |
| 17:02 | Crear | Archer |
| 17:02 | Crear | Archer |
| 17:29 | Crear | Villager (Male) |
| 17:31 | Construir | Blacksmith |
| 17:44 | Construir | House |
| 18:09 | Investigar | Castle Age |
| 18:09 | Investigar | Castle Age |
| 18:10 | Crear | Archer |
| 18:10 | Crear | Archer |
| 18:14 | Construir | Farm |
| 18:36 | Investigar | Fletching |
| 18:58 | Investigar | Horse Collar |
| 19:03 | Construir | Farm |
| 19:05 | Construir | Farm |
| 19:21 | Crear | Archer |
| 19:21 | Crear | Archer |
| 19:34 | Construir | Farm |
| 19:34 | Construir | Farm |
| 19:45 | Edad | Edad de los Castillos |
| 19:47 | Investigar | Bodkin Arrow |
| 19:56 | Crear | Villager (Male) |
| 19:59 | Construir | Lumber Camp |
| 20:08 | Construir | House |
| 20:21 | Crear | Villager (Male) |
Build order — DL-ĐệNhị
121 acciones detectadas en el replay
| 0:01 | Crear | Villager (Male) |
| 0:01 | Crear | Villager (Male) |
| 0:02 | Construir | House |
| 0:03 | Construir | House |
| 0:07 | Crear | Villager (Male) |
| 0:17 | Crear | Villager (Male) |
| 1:25 | Crear | Villager (Male) |
| 1:59 | Crear | Villager (Male) |
| 1:59 | Crear | Villager (Male) |
| 2:12 | Construir | Lumber Camp |
| 2:17 | Crear | Villager (Male) |
| 2:50 | Crear | Villager (Male) |
| 2:51 | Crear | Villager (Male) |
| 3:21 | Crear | Villager (Male) |
| 3:21 | Crear | Villager (Male) |
| 3:26 | Construir | House |
| 3:38 | Investigar | Loom |
| 3:39 | Crear | Villager (Male) |
| 3:58 | Crear | Villager (Male) |
| 3:58 | Crear | Villager (Male) |
| 3:59 | Crear | Villager (Male) |
| 4:32 | Crear | Villager (Male) |
| 4:33 | Crear | Villager (Male) |
| 4:36 | Crear | Villager (Male) |
| 4:36 | Crear | Villager (Male) |
| 5:22 | Construir | Mining Camp |
| 5:29 | Crear | Villager (Male) |
| 7:02 | Investigar | Feudal Age |
| 7:02 | Investigar | Feudal Age |
| 8:19 | Construir | Barracks |
| 8:26 | Construir | House |
| 9:02 | Crear | Villager (Male) |
| 9:07 | Construir | House |
| 9:10 | Construir | Palisade Wall |
| 9:12 | Edad | Edad Feudal |
| 9:25 | Construir | Archery Range |
| 9:26 | Crear | Villager (Male) |
| 9:39 | Construir | Archery Range |
| 9:52 | Crear | Villager (Male) |
| 9:57 | Construir | Palisade Wall |
| 10:15 | Crear | Villager (Male) |
| 10:19 | Construir | Palisade Wall |
| 10:24 | Construir | Palisade Gate |
| 10:27 | Crear | Archer |
| 10:35 | Crear | Villager (Male) |
| 10:38 | Construir | Blacksmith |
| 10:52 | Crear | Villager (Male) |
| 11:04 | Construir | Mill |
| 11:13 | Construir | Mill |
| 11:21 | Construir | Palisade Wall |
| 11:27 | Construir | Palisade Wall |
| 11:28 | Construir | Palisade Wall |
| 11:29 | Construir | Palisade Wall |
| 11:33 | Crear | Villager (Male) |
| 11:53 | Construir | Farm |
| 11:55 | Construir | Farm |
| 11:57 | Crear | Archer |
| 11:57 | Crear | Archer |
| 12:20 | Crear | Villager (Male) |
| 12:23 | Crear | Archer |
| 12:23 | Crear | Archer |
| 12:54 | Construir | House |
| 12:57 | Crear | Villager (Male) |
| 12:59 | Crear | Archer ×2 |
| 13:00 | Crear | Villager (Male) |
| 13:26 | Construir | Farm |
| 13:27 | Crear | Archer |
| 13:45 | Investigar | Fletching |
| 13:45 | Investigar | Fletching |
| 13:50 | Construir | House |
| 14:01 | Construir | Farm |
| 14:03 | Crear | Archer |
| 14:04 | Crear | Archer |
| 14:08 | Construir | House |
| 14:15 | Construir | Palisade Wall |
| 14:21 | Crear | Archer |
| 14:38 | Crear | Villager (Male) |
| 14:53 | Crear | Archer ×2 |
| 14:55 | Construir | House |
| 15:16 | Construir | Farm |
| 15:16 | Crear | Villager (Male) |
| 15:18 | Investigar | Double-Bit Axe |
| 15:19 | Investigar | Double-Bit Axe |
| 15:31 | Crear | Archer ×2 |
| 15:31 | Crear | Archer ×2 |
| 15:34 | Construir | Farm |
| 15:35 | Construir | Farm |
| 16:09 | Crear | Archer ×2 |
| 16:26 | Crear | Villager (Male) |
| 16:44 | Crear | Archer ×2 |
| 16:45 | Crear | Villager (Male) |
| 16:46 | Construir | Farm |
| 16:47 | Construir | Farm |
| 16:48 | Crear | Archer |
| 17:00 | Crear | Villager (Male) |
| 17:04 | Construir | House |
| 17:06 | Construir | House |
| 17:08 | Crear | Villager (Male) |
| 17:10 | Construir | Farm |
| 17:13 | Construir | Farm |
| 17:13 | Crear | Villager (Male) |
| 17:45 | Construir | Farm |
| 18:12 | Construir | House |
| 18:14 | Construir | House |
| 18:20 | Construir | Farm |
| 18:29 | Investigar | Horse Collar |
| 18:29 | Investigar | Horse Collar |
| 18:47 | Construir | Lumber Camp |
| 19:12 | Crear | Villager (Male) |
| 19:24 | Construir | House |
| 19:45 | Crear | Archer ×3 |
| 20:58 | Construir | House |
| 21:00 | Investigar | Castle Age |
| 21:27 | Crear | Archer ×5 |
| 21:31 | Investigar | Padded Archer Armor |
| 21:37 | Construir | Watch Tower |
| 21:46 | Crear | Archer ×4 |
| 23:20 | Construir | House |
| 23:40 | Edad | Edad de los Castillos |
| 23:43 | Investigar | Crossbowman (upgrade) |
| 23:43 | Investigar | Crossbowman (upgrade) |
Cronología de la partida
| 4:30 | TAG_Sitaux · wall_segment Palisade Wall x5 |
| 4:48 | TAG_Sitaux · wall_segment Palisade Wall x1 |
| 4:49 | TAG_Sitaux · wall_segment Palisade Wall x1 |
| 7:07 | Mr.Bean · first_building Barracks |
| 7:29 | Mr.Bean · wall_segment Palisade Wall x1 |
| 7:30 | Mr.Bean · wall_segment Palisade Wall x1 |
| 7:32 | Mr.Bean · wall_segment Palisade Wall x1 |
| 7:38 | DS_Ciskhan · first_building Barracks |
| 7:41 | Mr.Bean · wall_segment Palisade Wall x1 |
| 7:42 | Mr.Bean · wall_segment Palisade Wall x1 |
| 7:56 | KDA HDT · first_building Barracks |
| 8:04 | TAG_Sitaux · first_building Barracks |
| 8:18 | Đam Mê Game · first_building Barracks |
| 8:19 | DL-ĐệNhị · first_building Barracks |
| 8:41 | KDA HDT · wall_segment Palisade Wall x5 |
| 8:50 | Mr.Bean · wall_segment Palisade Wall x6 |
| 8:51 | DS_Ciskhan · age_up feudal |
| 8:52 | KDA HDT · age_up feudal |
| 8:58 | KDA HDT · first_building Archery Range |
| 9:00 | DS_Ciskhan · first_building Archery Range |
| 9:10 | DL-ĐệNhị · wall_segment Palisade Wall x2 |
| 9:12 | DL-ĐệNhị · age_up feudal |
| 9:19 | Đam Mê Game · age_up feudal |
| 9:24 | Mr.Bean · age_up feudal |
| 9:25 | DL-ĐệNhị · first_building Archery Range |
| 9:26 | Đam Mê Game · first_building Archery Range |
| 9:33 | Mr.Bean · first_building Stable |
| 9:45 | TAG_Sitaux · age_up feudal |
| 9:46 | TAG_Sitaux · first_building Stable |
| 9:52 | KDA HDT · wall_segment Palisade Wall x4 |
| 9:57 | DL-ĐệNhị · wall_segment Palisade Wall x7 |
| 10:17 | Đam Mê Game · wall_segment Palisade Wall x11 |
| 10:18 | Đam Mê Game · wall_segment Palisade Wall x1 |
| 10:19 | DL-ĐệNhị · wall_segment Palisade Wall x6 |
| 10:48 | DS_Ciskhan · wall_segment Palisade Wall x4 |
| 10:51 | Đam Mê Game · wall_segment Palisade Wall x4 |
| 10:54 | Đam Mê Game · wall_segment Palisade Wall x13 |
| 10:56 | KDA HDT · wall_segment Palisade Wall x9 |
| 10:58 | Đam Mê Game · wall_segment Palisade Wall x11 |
| 11:06 | Đam Mê Game · wall_segment Palisade Wall x17 |
| 11:15 | Đam Mê Game · wall_segment Palisade Wall x1 |
| 11:21 | DL-ĐệNhị · wall_segment Palisade Wall x12 |
| 11:27 | DL-ĐệNhị · wall_segment Palisade Wall x10 |
| 11:28 | DL-ĐệNhị · wall_segment Palisade Wall x1 |
| 11:29 | DL-ĐệNhị · wall_segment Palisade Wall x1 |
| 11:45 | TAG_Sitaux · wall_segment Palisade Wall x3 |
| 11:47 | TAG_Sitaux · wall_segment Palisade Wall x7 |
| 11:58 | KDA HDT · wall_segment Palisade Wall x1 |
| 12:09 | DS_Ciskhan · wall_segment Palisade Wall x11 |
| 12:11 | TAG_Sitaux · wall_segment Palisade Wall x3 |
| 12:17 | DS_Ciskhan · wall_segment Palisade Wall x9 |
| 12:17 | KDA HDT · wall_segment Palisade Wall x15 |
| 12:31 | DS_Ciskhan · wall_segment Palisade Wall x5 |
| 13:19 | TAG_Sitaux · wall_segment Palisade Wall x3 |
| 13:21 | TAG_Sitaux · wall_segment Palisade Wall x7 |
| 13:25 | DS_Ciskhan · wall_segment Palisade Wall x1 |
| 13:26 | DS_Ciskhan · wall_segment Palisade Wall x1 |
| 13:48 | DS_Ciskhan · wall_segment Palisade Wall x9 |
| 14:15 | DL-ĐệNhị · wall_segment Palisade Wall x1 |
| 14:45 | TAG_Sitaux · wall_segment Palisade Wall x1 |
| 14:54 | Mr.Bean · wall_segment Palisade Wall x2 |
| 14:56 | TAG_Sitaux · wall_segment Palisade Wall x5 |
| 15:01 | TAG_Sitaux · wall_segment Palisade Wall x1 |
| 15:02 | TAG_Sitaux · wall_segment Palisade Wall x1 |
| 15:03 | TAG_Sitaux · wall_segment Palisade Wall x1 |
| 15:52 | Mr.Bean · wall_segment Palisade Wall x6 |
| 17:51 | Mr.Bean · wall_segment Palisade Wall x1 |
| 17:56 | DS_Ciskhan · first_market_buy 100 food |
| 17:57 | DS_Ciskhan · first_market_sell 100 wood |
| 18:42 | KDA HDT · wall_segment Palisade Wall x1 |
| 19:45 | DS_Ciskhan · age_up castle |
| 19:58 | TAG_Sitaux · wall_segment Palisade Wall x1 |
| 20:12 | Đam Mê Game · age_up castle |
| 21:08 | Mr.Bean · wall_segment Palisade Wall x1 |
| 21:10 | Mr.Bean · wall_segment Palisade Wall x4 |
| 21:15 | TAG_Sitaux · age_up castle |
| 21:51 | TAG_Sitaux · first_building Monastery |
| 22:03 | TAG_Sitaux · wall_segment Palisade Wall x1 |
| 22:06 | TAG_Sitaux · wall_segment Palisade Wall x1 |
| 22:31 | Mr.Bean · wall_segment Palisade Wall x1 |
| 22:53 | KDA HDT · age_up castle |
| 23:27 | Mr.Bean · resign |
| 23:40 | DL-ĐệNhị · age_up castle |
[ ANÁLISIS IA · 1 CRÉDITO ]
¿Qué pasó realmente en esta partida?
Wolo.gg analiza cada decisión: build order, eco, micro, errores típicos por bracket. Análisis personalizado por WhatsApp o Discord en 30 segundos.
Guía civ
Yurchen
Perfil
Đam Mê Game